TOP OF THE 1ST |
---|
Gresham Gold Souls batting - Pitching for Santa Monica Bruins : RHP Armand Calazzo | Pitching: RHP Armand Calazzo | | Batting: LHB Bill Smith | 0-0: Foul Ball, location: 2F 0-1: Ball 1-1: Foul Ball, location: 2F 1-2: Strikes out swinging | Batting: RHB Augusto Baiano | 0-0: Fly out, F7 (Line Drive, 78D) | Batting: RHB Dani Vázquez | 0-0: DOUBLE (Line Drive, 9LM) | Batting: LHB Nick Scott | 0-0: Ball 1-0: Foul Ball, location: 2F 1-1: Swinging Strike 1-2: Ball 2-2: Strikes out swinging | Top of the 1st over - 0 runs, 1 hit, 0 errors, 1 left on base; Gresham 0 - Santa Monica 0 | BOTTOM OF THE 1ST |
---|
Santa Monica Bruins batting - Pitching for Gresham Gold Souls : RHP Jamal Clayton | Pitching: RHP Jamal Clayton | | Batting: LHB Francisco Medina | 0-0: Ball 1-0: Foul Ball, location: 2F 1-1: Ball 2-1: Ball 3-1: Foul Ball, location: 2F 3-2: Foul Ball, location: 2F 3-2: Foul Ball, location: 2F 3-2: Foul Ball, location: 2F 3-2: Foul Ball, location: 2F 3-2: Base on Balls | Batting: LHB Ramiro Martínez | 0-0: Foul Ball, location: 2F 0-1: Ball 1-1: Ball 2-1: Foul Ball, location: 2F 2-2: Ground out 4-3 (Groundball, 34D) Francisco Medina to second | Batting: RHB Griswold Coleman | 0-0: Ball 1-0: Ball 2-0: Called Strike 2-1: Ground out 1-3 (Groundball, 13S) Francisco Medina to third | Batting: RHB Jake Reeves | 0-0: Called Strike 0-1: Ball 1-1: DOUBLE (Line Drive, 7LM) Francisco Medina scores | Batting: RHB Luis Ríos | 0-0: Ball 1-0: Ball 2-0: Swinging Strike 2-1: Called Strike 2-2: Foul Ball, location: 2F 2-2: Foul Ball, location: 2F 2-2: Ground out 6-3 (Groundball, 6S) | Bottom of the 1st over - 1 run, 1 hit, 0 errors, 1 left on base; Gresham 0 - Santa Monica 1 | TOP OF THE 2ND |
---|
Gresham Gold Souls batting - Pitching for Santa Monica Bruins : RHP Armand Calazzo | Batting: LHB Millard Dye | 0-0: Ball 1-0: Ball 2-0: Ball 3-0: Called Strike 3-1: Foul Ball, location: 2F 3-2: Base on Balls | Batting: LHB Ezechiele Bruno | 0-0: Ball 1-0: Foul Ball, location: 2F 1-1: Ball 2-1: Called Strike 2-2: SINGLE (Line Drive, 78M) Millard Dye to second | Batting: RHB Alberto Chávez | 0-0: Called Strike 0-1: Ball 1-1: Ball 2-1: Ball 3-1: SINGLE (Groundball, 6MD) Millard Dye to third Ezechiele Bruno to second Runner from 3rd tries for Home, SAFE, no throw | Batting: SHB Todd Smith | 0-0: Ball 1-0: Foul Ball, location: 2F 1-1: Foul Ball, location: 2F 1-2: Foul Ball, location: 2F 1-2: Ball 2-2: Ball 3-2: Base on Balls Ezechiele Bruno to third Alberto Chávez to second | Batting: SHB Francis Shaffer | 0-0: Fly out, F8 (Flyball, 78D) Runner from 3rd tags up, SCORES, throw made | Batting: LHB Bill Smith | 0-0: Foul Ball, location: 2F 0-1: Fly out, F7 (Flyball, 7S) | Batting: RHB Augusto Baiano | 0-0: Foul Ball, location: 2F 0-1: Foul Ball, location: 2F 0-2: Ball 1-2: Strikes out looking | Top of the 2nd over - 2 runs, 2 hits, 0 errors, 2 left on base; Gresham 2 - Santa Monica 1 | BOTTOM OF THE 2ND |
---|
Santa Monica Bruins batting - Pitching for Gresham Gold Souls : RHP Jamal Clayton | Batting: LHB Arthur MacDonald | 0-0: Called Strike 0-1: Foul Ball, location: 2F 0-2: Strikes out looking | Batting: LHB Ken Phillips | 0-0: Ground out 1-3 (Groundball, 13) | Batting: LHB Ethan Shaw | 0-0: Ball 1-0: Called Strike 1-1: Foul Ball, location: 2F 1-2: Foul Ball, location: 2F 1-2: Ball 2-2: SOLO HOME RUN (Flyball, 9LD), Distance : 344 ft | Batting: SHB Adrián Nieto | 0-0: Ball 1-0: Foul Ball, location: 2F 1-1: Ground out U3 (Groundball, 3L) | Bottom of the 2nd over - 1 run, 1 hit, 0 errors, 0 left on base; Gresham 2 - Santa Monica 2 | TOP OF THE 3RD |
---|
Gresham Gold Souls batting - Pitching for Santa Monica Bruins : RHP Armand Calazzo | Batting: RHB Dani Vázquez | 0-0: Ball 1-0: Called Strike 1-1: Ball 2-1: Ball 3-1: Base on Balls | Batting: LHB Nick Scott | 0-0: Called Strike 0-1: Fielders Choice at 2nd, 6-4 (Groundball, 6M) | Batting: LHB Millard Dye | 0-0: Ball 1-0: Called Strike 1-1: Called Strike Nick Scott steals 2nd base 1-2: Ball 2-2: Foul Ball, location: 2F 2-2: SINGLE (Line Drive, 3L) Nick Scott to third Runner from 3rd tries for Home, SAFE, no throw | Batting: LHB Ezechiele Bruno | 0-0: Called Strike 0-1: Swinging Strike 0-2: Ball 1-2: Strikes out looking | Batting: RHB Alberto Chávez | 0-0: Fly out, F9 (Line Drive, 89M) | Top of the 3rd over - 1 run, 1 hit, 0 errors, 1 left on base; Gresham 3 - Santa Monica 2 | BOTTOM OF THE 3RD |
---|
Santa Monica Bruins batting - Pitching for Gresham Gold Souls : RHP Jamal Clayton | Batting: LHB Francisco Medina | 0-0: Called Strike 0-1: Ball 1-1: Ball 2-1: Ball 3-1: Foul Ball, location: 2F 3-2: Strikes out swinging | Batting: LHB Ramiro Martínez | 0-0: Ball 1-0: Ball 2-0: SINGLE (Groundball, 3D) | Batting: RHB Griswold Coleman | 0-0: Called Strike Ramiro Martínez steals 2nd base 0-1: Ball 1-1: Foul Ball, location: 2F 1-2: Ball 2-2: Ball 3-2: Foul Ball, location: 2F 3-2: SINGLE (Line Drive, 9S) Ramiro Martínez to third | Batting: RHB Jake Reeves | 0-0: Called Strike 0-1: Called Strike 0-2: Foul Ball, location: 2F 0-2: Ball 1-2: Foul Ball, location: 2F 1-2: Grounds into double play, 6-4-3 (Groundball, 6) | Bottom of the 3rd over - 0 runs, 2 hits, 0 errors, 1 left on base; Gresham 3 - Santa Monica 2 | TOP OF THE 4TH |
---|
Gresham Gold Souls batting - Pitching for Santa Monica Bruins : RHP Armand Calazzo | Batting: SHB Todd Smith | 0-0: Ball 1-0: Ground out 6-3 (Groundball, 6S) | Batting: SHB Francis Shaffer | 0-0: Called Strike 0-1: Fly out, F8 (Flyball, 8LXD) | Batting: LHB Bill Smith | 0-0: Called Strike 0-1: Foul Ball, location: 2F 0-2: Strikes out swinging | Top of the 4th over - 0 runs, 0 hits, 0 errors, 0 left on base; Gresham 3 - Santa Monica 2 | BOTTOM OF THE 4TH |
---|
Santa Monica Bruins batting - Pitching for Gresham Gold Souls : RHP Jamal Clayton | Batting: RHB Luis Ríos | 0-0: Foul Ball, location: 2F 0-1: Called Strike 0-2: Ball 1-2: Ball 2-2: Strikes out swinging | Batting: LHB Arthur MacDonald | 0-0: Called Strike 0-1: Foul Ball, location: 2F 0-2: Ball 1-2: Ball 2-2: Fly out, F3 (Popup, 3DF) | Batting: LHB Ken Phillips | 0-0: Called Strike 0-1: Ground out 4-3 (Groundball, 4) | Bottom of the 4th over - 0 runs, 0 hits, 0 errors, 0 left on base; Gresham 3 - Santa Monica 2 | TOP OF THE 5TH |
---|
Gresham Gold Souls batting - Pitching for Santa Monica Bruins : RHP Armand Calazzo | Batting: RHB Augusto Baiano | 0-0: Called Strike 0-1: Called Strike 0-2: Ground out 6-3 (Groundball, 6) | Batting: RHB Dani Vázquez | 0-0: Ball 1-0: Ball 2-0: Ball 3-0: Called Strike 3-1: Base on Balls | Batting: LHB Nick Scott | 0-0: Foul Ball, location: 2F 0-1: Hit by Pitch Dani Vázquez to second | Batting: LHB Millard Dye | 0-0: Called Strike 0-1: Called Strike 0-2: Strikes out swinging | Batting: LHB Ezechiele Bruno | 0-0: Swinging Strike 0-1: Foul Ball, location: 2F 0-2: Strikes out swinging | Top of the 5th over - 0 runs, 0 hits, 0 errors, 2 left on base; Gresham 3 - Santa Monica 2 | BOTTOM OF THE 5TH |
---|
Santa Monica Bruins batting - Pitching for Gresham Gold Souls : RHP Jamal Clayton | Batting: LHB Ethan Shaw | 0-0: SINGLE (Groundball, 4MD) | Batting: SHB Adrián Nieto | 0-0: Swinging Strike 0-1: SINGLE (Line Drive, 34) Ethan Shaw to second | Batting: LHB Francisco Medina | 0-0: Ball 1-0: Fielders Choice at 2nd, 4-6 (Groundball, 4) Ethan Shaw to third | Batting: LHB Ramiro Martínez | 0-0: Ball 1-0: Ball 2-0: Called Strike 2-1: Called Strike 2-2: SINGLE (Line Drive, 8LS) Ethan Shaw scores Francisco Medina to second Francisco Medina to third | Batting: RHB Griswold Coleman | 0-0: Foul Ball, location: 2F 0-1: DOUBLE (Line Drive, 7LD) Francisco Medina scores Ramiro Martínez to third Runner from 3rd tries for Home, SAFE, no throw | Pitching: RHP León Trevino | | Batting: RHB Jake Reeves | 0-0: Ball 1-0: Ball 2-0: Ball 3-0: Called Strike 3-1: Ground out 5-3 (Groundball, 56S) Griswold Coleman to third | Batting: RHB Luis Ríos | 0-0: Called Strike 0-1: Ball 1-1: Fly out, F9 (Line Drive, 9S) | Bottom of the 5th over - 3 runs, 4 hits, 0 errors, 1 left on base; Gresham 3 - Santa Monica 5 | TOP OF THE 6TH |
---|
Gresham Gold Souls batting - Pitching for Santa Monica Bruins : RHP Armand Calazzo | Batting: RHB Alberto Chávez | 0-0: Called Strike 0-1: Ball 1-1: Swinging Strike 1-2: Foul Ball, location: 2F 1-2: Strikes out swinging, 2-3 out at first. | Batting: SHB Todd Smith | 0-0: Foul Ball, location: 2F 0-1: Fly out, F8 (Flyball, 8RS) | Batting: SHB Francis Shaffer | 0-0: Called Strike 0-1: Ball 1-1: Fly out, F9 (Flyball, 89D) | Top of the 6th over - 0 runs, 0 hits, 0 errors, 0 left on base; Gresham 3 - Santa Monica 5 | BOTTOM OF THE 6TH |
---|
Santa Monica Bruins batting - Pitching for Gresham Gold Souls : RHP León Trevino | Batting: LHB Arthur MacDonald | 0-0: SINGLE (Line Drive, 9LM) | Batting: LHB Ken Phillips | 0-0: DOUBLE (Line Drive, 8RXD) Arthur MacDonald to third | Batting: LHB Ethan Shaw | 0-0: Ball 1-0: Fly out, F9 (Flyball, 9D) Runner from 3rd tags up, OUT at HOME Ken Phillips to third | Batting: SHB Adrián Nieto | 0-0: Foul Ball, location: 2F 0-1: Ball 1-1: Ball 2-1: Fly out, F3 (Line Drive, 3) | Bottom of the 6th over - 0 runs, 2 hits, 0 errors, 1 left on base; Gresham 3 - Santa Monica 5 | TOP OF THE 7TH |
---|
Gresham Gold Souls batting - Pitching for Santa Monica Bruins : RHP Armand Calazzo | Pitching: RHP Joe Shoemaker | | Batting: LHB Bill Smith | 0-0: Called Strike 0-1: Foul Ball, location: 2F 0-2: Ball 1-2: SINGLE (Flyball, 34D) | Batting: RHB Augusto Baiano | 0-0: Foul Ball, location: 2F 0-1: Foul Ball, location: 2F 0-2: Foul Ball, location: 2F 0-2: Ball 1-2: Ball 2-2: Strikes out swinging | Batting: RHB Dani Vázquez | 0-0: Ball 1-0: Foul Ball, location: 2F 1-1: Ball 2-1: Swinging Strike 2-2: Ball 3-2: DOUBLE (Flyball, 78XD) Bill Smith to third | Pinch Runner at 2nd Luis Gonzáles: | | Batting: LHB Nick Scott | 0-0: Swinging Strike 0-1: Ball 1-1: Fly out, F9 (Flyball, 9S) | Batting: LHB Millard Dye | 0-0: Ball 1-0: Called Strike 1-1: Ball 2-1: Foul Ball, location: 2F 2-2: 3-RUN HOME RUN (Flyball, 9LD), Distance : 349 ft | Pitching: RHP Manuel López | | Batting: LHB Ezechiele Bruno | 0-0: Foul Ball, location: 2F 0-1: Ball 1-1: SINGLE (Line Drive, 4MD) | Batting: RHB Alberto Chávez | 0-0: Ball 1-0: Swinging Strike 1-1: Ball 2-1: Ball 3-1: Fly out, F9 (Flyball, 9S) | Top of the 7th over - 3 runs, 4 hits, 0 errors, 1 left on base; Gresham 6 - Santa Monica 5 | BOTTOM OF THE 7TH |
---|
Santa Monica Bruins batting - Pitching for Gresham Gold Souls : RHP León Trevino | Now at SS: Luis Gonzáles | | Batting: LHB Francisco Medina | 0-0: Ground out U3 (Groundball, 3L) | Pitching: RHP José González | | Batting: LHB Ramiro Martínez | 0-0: Ball 1-0: Swinging Strike 1-1: Foul Ball, location: 2F 1-2: Strikes out swinging | Batting: RHB Griswold Coleman | 0-0: Called Strike 0-1: Fly out, F4 (Flyball, 34D) | Bottom of the 7th over - 0 runs, 0 hits, 0 errors, 0 left on base; Gresham 6 - Santa Monica 5 | TOP OF THE 8TH |
---|
Gresham Gold Souls batting - Pitching for Santa Monica Bruins : RHP Manuel López | Batting: SHB Todd Smith | 0-0: Fly out, F8 (Flyball, 8LS) | Batting: SHB Francis Shaffer | 0-0: Ball 1-0: Ball 2-0: Foul Ball, location: 2F 2-1: Foul Ball, location: 2F 2-2: Ground out U3 (Groundball, 3) | Batting: LHB Bill Smith | 0-0: Called Strike 0-1: Called Strike 0-2: Ground out 4-3 (Groundball, 34) | Top of the 8th over - 0 runs, 0 hits, 0 errors, 0 left on base; Gresham 6 - Santa Monica 5 | BOTTOM OF THE 8TH |
---|
Santa Monica Bruins batting - Pitching for Gresham Gold Souls : RHP José González | Now in CF: Gustavo Pagán | | Batting: RHB Jake Reeves | 0-0: Ball 1-0: Ground out 6-3 (Groundball, 6) | Batting: RHB Luis Ríos | Error on foul ball, E9 0-1: Ball 1-1: Ball 2-1: Swinging Strike 2-2: Ball 3-2: Foul Ball, location: 2F 3-2: Base on Balls | Batting: LHB Arthur MacDonald | 0-0: Ball 1-0: Foul Ball, location: 2F 1-1: Fly out, F8 (Flyball, 8LXD) | Batting: LHB Ken Phillips | 0-0: Called Strike 0-1: Ball 1-1: Ball 2-1: Called Strike 2-2: SINGLE (Flyball, 89M) Luis Ríos to second Runner from 2nd tries for 3rd, SAFE, no throw | Batting: LHB Ethan Shaw | 0-0: Ball 1-0: Swinging Strike 1-1: Fly out, F4 (Popup, 4M) | Bottom of the 8th over - 0 runs, 1 hit, 1 error, 2 left on base; Gresham 6 - Santa Monica 5 | TOP OF THE 9TH |
---|
Gresham Gold Souls batting - Pitching for Santa Monica Bruins : RHP Manuel López | Pitching: RHP Jorge Hernández | | Batting: RHB Augusto Baiano | 0-0: Ball 1-0: Ground out 6-3 (Groundball, 6) | Batting: RHB Luis Gonzáles | 0-0: Called Strike 0-1: Ball 1-1: Foul Ball, location: 2F 1-2: Ball 2-2: Ground out 5-3 (Groundball, 56) | Batting: LHB Nick Scott | 0-0: Called Strike 0-1: Ball 1-1: Ball 2-1: Ball 3-1: Called Strike 3-2: Foul Ball, location: 2F 3-2: Base on Balls | Batting: LHB Millard Dye | 0-0: Ball 1-0: Called Strike 1-1: Ball 2-1: Called Strike 2-2: Ball Nick Scott steals 2nd base 3-2: Base on Balls | Batting: LHB Ezechiele Bruno | 0-0: Called Strike 0-1: Hit by Pitch Nick Scott to third Millard Dye to second | Batting: RHB Alberto Chávez | 0-0: Swinging Strike 0-1: Ball 1-1: Foul Ball, location: 2F 1-2: Foul Ball, location: 2F 1-2: Fielders Choice at 2nd, 6-4 (Groundball, 6) | Top of the 9th over - 0 runs, 0 hits, 0 errors, 3 left on base; Gresham 6 - Santa Monica 5 | BOTTOM OF THE 9TH |
---|
Santa Monica Bruins batting - Pitching for Gresham Gold Souls : RHP José González | Pitching: LHP Jerry Beck | | Batting: SHB Adrián Nieto | 0-0: Fly out, F5 (Line Drive, 5) | Batting: LHB Francisco Medina | 0-0: Ball 1-0: Ground out 4-3 (Groundball, 34) | Pinch Hitting: RHB Pablo Peńa | 0-0: Ball 1-0: Ball 2-0: Ball 3-0: Called Strike 3-1: Base on Balls | Pinch Runner at 1st Michael Myers: | | Batting: RHB Griswold Coleman | 0-0: Ball 1-0: Ball 2-0: Swinging Strike 2-1: Called Strike 2-2: Reached on error, E1 (Groundball, 15S) Michael Myers to third | Batting: RHB Jake Reeves | 0-0: Ball 1-0: Called Strike 1-1: Fly out, F8 (Flyball, 8LM) | Bottom of the 9th over - 0 runs, 0 hits, 1 error, 2 left on base; Gresham 6 - Santa Monica 5 | |